 Dungeon Crawl Stone Soup version 0.31-a0-876-gfe8ebadbca (webtiles) character file.

Game seed: 13751470013328666868

109 Aneyh the Poker (level 4, -2/30 HPs)
             Began as a Tengu Monk on Oct 13, 2023.
             Slain by a gnoll bouda
             ... wielding a +0 club
              (11 damage)
             ... on level 2 of the Dungeon.
             The game lasted 00:02:57 (1672 turns).

Aneyh the Poker (Tengu Monk)                        Turns: 1672, Time: 00:02:57

Health: -2/30      AC:  3    Str: 13    XL:     4   Next: 89%
Magic:  5/5        EV: 13    Int: 11    God:
Gold:   126        SH:  0    Dex: 16    Spells: 3/3 levels left

rFire   . . .        a - +0 trident
rCold   . . .        (no shield)
rNeg    . . .        k - +0 robe
rPois   .            (helmet restricted)
rElec   .            n - +0 cloak
rCorr   .            (no gloves)
SInv    .            (boots unavailable)
Will    .....        (no amulet)
Stlth   +            (no ring)
HPRegen 0.25/turn    (no ring)
MPRegen 0.09/turn

%: acrobat
@: no status effects
A: beak, talons 3, acrobatic
a: no special abilities


You were on level 2 of the Dungeon.
You visited 1 branch of the dungeon, and saw 3 of its levels.

You collected 126 gold pieces.

Inventory:

Hand Weapons
 a - a +0 trident (weapon)
 b - a +0 sling
 i - a +1 short sword of holy wrath
 l - a +0 spear
Missiles
 e - 7 boomerangs (quivered)
Armour
 d - an orb of light
 k - a +0 robe (worn)
 n - a +0 cloak (worn)
Jewellery
 g - a +4 ring of protection
Scrolls
 f - a scroll of acquirement {unknown}
 h - a scroll of identify {unknown}
 j - a scroll of teleportation {unknown}
 o - a scroll of amnesia {unknown}
 p - a scroll of vulnerability {unknown}
 r - a scroll of fear {unknown}
Potions
 c - a potion of ambrosia
 m - a potion of might {unknown}
 q - a potion of curing {unknown}


   Skills:
 * Level 4.3 Fighting
 + Level 4.8 Polearms
 - Level 3.2 Dodging


You had 3 spell levels left.
You didn't know any spells.
Your spell library contained the following spells:

 Spells                   Type           Power      Damage    Failure   Level
 Slow                     Hex            0%         N/A       34%         1
 Confusing Touch          Hex            0%         N/A       71%         3
 Sigil of Binding         Hex            0%         N/A       71%         3
 Vampiric Draining        Necr           0%         2d6       71%         3


Dungeon Overview and Level Annotations

Branches:
Dungeon (3/15)

Altars:
Gozag

Annotations:
D:2 Sigmund


Innate Abilities, Weirdness & Mutations

You have a beak for a mouth.
You have claws for feet.
You can magically evade attacks while moving or waiting.


Message History

The gnoll bouda barks out a call to the hunt!
The gnoll picks up the pace!
You climb upwards.
Level annotation: Sigmund Your attacks no longer feel as feeble.
There is a stone staircase leading down here.
You closely miss the gnoll bouda.
The gnoll bouda is lightly wounded.
The gnoll bouda barely misses you.
You puncture the gnoll bouda!
The gnoll bouda is heavily wounded.
The gnoll bouda barely misses you.
You hit the gnoll bouda.
You claw the gnoll bouda, but do no damage.
The gnoll bouda is severely wounded.
The gnoll bouda hits you with a +0 club.
You closely miss the gnoll bouda. You claw the gnoll bouda.
Your peck misses the gnoll bouda.
The gnoll bouda is severely wounded.
The gnoll bouda utters an invocation to its god.
The gnoll bouda is healed somewhat.
You closely miss the gnoll bouda.
You claw the gnoll bouda, but do no damage.
You peck the gnoll bouda, but do no damage.
The gnoll bouda is heavily wounded.
The gnoll bouda closely misses you.
You barely miss the gnoll bouda.
The gnoll bouda is heavily wounded.
The gnoll bouda hits you with a +0 club!
* * * LOW HITPOINT WARNING * * *
You hit the gnoll bouda but do no damage.
You claw the gnoll bouda.
You punch the gnoll bouda, but do no damage.
The gnoll bouda is severely wounded.
The gnoll bouda barely misses you.
You hit the gnoll bouda but do no damage.
Your kick misses the gnoll bouda.
The gnoll bouda is severely wounded.
The gnoll bouda hits you with a +0 club!
You die...

...........#.8.....##.#.#########
...รท...............##.#.#
....#..............##...#
....#......#.......##.#.#
....#......#.8.....#..#.#
...)#.........8.8.8##.#.#
....#.........#...###.#.#
(...#.<.......'g......#.#
....#.........##@######)#
....#.........##.# ###.#
....#.........##.####...#
....#.........##....#.#######
....#.....#########'#......[#
#####.....# #...........###.#
#.....# #...........# #.# #.....#
#...........# #.# #)....#
#...........###.#


You could see a gnoll bouda.

Vanquished Creatures
  Robin (D:3)
  2 adders
  A gnoll (D:3)
  A worm (D:2)
  3 dart slugs
  7 endoplasms
  A giant cockroach (D:3)
  12 goblins
  7 hobgoblins
  6 kobolds
  A quokka (D:1)
  4 ball pythons
  6 bats (D:1)
  4 frilled lizards
  3 rats
59 creatures vanquished.

Notes
Turn   | Place    | Note
-------+----------+-------------------------------------------
     0 | D:1      | Aneyh the Tengu Monk began the quest for the Orb.
     0 | D:1      | Reached XP level 1. HP: 14/14 MP: 2/2
   211 | D:1      | Reached XP level 2. HP: 17/19 MP: 3/3
   368 | D:1      | Reached XP level 3. HP: 24/24 MP: 4/4
   735 | D:2      | Found a faded altar of an unknown god.
   864 | D:2      | Noticed Sigmund
  1362 | D:3      | Reached XP level 4. HP: 29/29 MP: 5/5
  1452 | D:3      | Noticed Robin
  1473 | D:3      | Killed Robin
  1575 | D:3      | Found an opulent altar of Gozag.
  1672 | D:2      | Slain by a gnoll bouda

Illustrated notes

Levels and vault maps discovered:
D:1:      minmay_arrival_up_and_down, layout_loops_ring
D:2:      layout_basic, shapermc_ecumenical_altar_pompeii, chequers_garden,
          uniq_sigmund
D:3:      layout_rooms, nicolae_tso_carved_into_rock,
          mainiacjoe_overflow_tiny_flanked, uniq_robin, uniq_crazy_yiuf_cottage,
          uniq_ijyb, uniq_grinder

Skill      XL: |  1  2  3 |
---------------+----------+-----
Polearms       | 4 |  4.8
Fighting       | 4 |  4.3
Dodging        | |  3.2

Action                     |  1- 3 |  4- 6 || total
---------------------------+-------+-------++-------
  Melee: Spear             |    89 |       ||    89
         Kick              |    13 |    16 ||    29
         Peck              |     6 |     9 ||    15
         Punch             |     1 |     1 ||     2
         Trident           |    13 |    53 ||    66
   Fire: Sling             |     4 |       ||     4
  Throw: Boomerang         |     1 |       ||     1
   Stab: Sleeping          |     4 |     1 ||     5
 Armour: Robe              |    28 |    23 ||    51
  Dodge: Dodged            |    47 |    27 ||    74

Table legend: (Time is in decaauts)
 A = Elapsed time spent in this place.
 B = Non-inter-level travel time spent in this place.
 C = Inter-level travel time spent in this place.
 D = Time resting spent in this place.
 E = Time spent auto-exploring this place.
 F = Levels seen in this place.
 G = Mean time per level.
                   A        B        C        D        E       F      G
               +--------+--------+--------+--------+--------+-----+--------+
         Total |   1669 |   1527 |    142 |    108 |    993 |   3 |  556.3 |
       Dungeon |   1669 |   1527 |    142 |    108 |    993 |   3 |  556.3 |
               +--------+--------+--------+--------+--------+-----+--------+

Top non-repeatable levels by time:
     D:1: 685 daAuts
     D:2: 666 daAuts
     D:3: 316 daAuts
